[Event "*** Titled Tuesday Blitz"]
[Site "Chess.com"]
[Date "2020.05.19"]
[Round "1"]
[White "Mikasinski"]
[Black "BAS8892"]
[Result "0-1"]
[WhiteElo "2357"]
[BlackElo "2667"]
[TimeControl "180+1"]
[EndTime "12:08:00 PDT"]
[Termination "BAS8892 won on time"]

1. e4 c5 2. Nf3 d6 3. d4 cxd4 4. Nxd4 Nf6 5. Nc3 a6 6. Be2 e5 7. Nf3 Be7 8. Bg5 O-O 9. Bxf6 Bxf6 10. Bc4 Be6 11. Bd5 Nc6 12. O-O Rc8 13. h3 b5 14.
a3 Nd4 15. Nxd4 exd4 16. Ne2 Bxd5 17. exd5 Qb6 18. Qd3 Qc5 19. c3 dxc3 20. bxc3 Rfe8 21. Rfc1 Qc4 22. Qxc4 Rxc4 23. Kf1 g6 24. Ra2 Rec8 25. Rac2 R8c5 26. Rd1 Bxc3 27. Rdc1 Be5 28. Rxc4 bxc4 29.
Nc3 Ra5 30. Ne4 Rxd5 31. Rxc4 Ra5 32. a4 d5 33. Rc8+ Kg7 34. Nc5 Bd4 35. Nb3 Rxa4 36. Rd8 Rb4 37. Na5 Rb1+ 38. Ke2 Rb2+ 39. Kd3 Bxf2 40.
Rxd5 Be1 41. Nc4 Rxg2 42. Rd7 Rg3+ 43. Ke2 Bb4 44. Ne5 Kf6 45. Nxf7 Rxh3 46. Nd8 a5 47. Rf7+ Ke5 48. Nc6+ Kd5 49. Na7 Kc4 50. Rc7+ Bc5 51. Nc6 a4 52. Ne5+ Kd5 53. Nd3 Bd6 54. Rd7 Rh2+ 55. Kf3 a3 56. Ra7 h5 57. Ra5+ Kc4 58. Nf2 Bb4 59. Ra6 g5 60. Ne4 g4+ 61. Kg3 Rh3+ 62.
Kf4 Kb3 0-1

[Event "*** Titled Tuesday Blitz"]
[Site "Chess.com"]
[Date "2020.05.19"]
[Round "1"]
[White "SubrotaBiswas"]
[Black "Alexander_Donchenko"]
[Result "1-0"]
[WhiteElo "2385"]
[BlackElo "2688"]
[TimeControl "180+1"]
[EndTime "12:08:01 PDT"]
[Termination "SubrotaBiswas won by resignation"]

1. d4 Nf6 2. Nf3 d5 3. c4 e6 4. Nc3 Bb4 5. Bd2 O-O 6. e3 b6 7. Bd3 Ba6 8. Qe2 Nbd7 9. O-O Qe7 10. cxd5 Bxd3 11. Qxd3 exd5 12. a3 Bxc3 13. bxc3 Qe6 14. Rfc1 b5 15. Qxb5 Nb6 16. Ne5 Ne4 17. Be1 f6 18. Qc6 Rfe8 19. Qxe6+ Rxe6 20. Nd3 Nc4 21. f3 Ned6 22. Nf4 Rxe3 23. Nxd5 Re2 24. Nxc7 Rb8 25. Rab1 Rxb1 26. Rxb1 Nxa3 27. Rc1 Nac4 28. Nd5 a5 29. Nf4 Ra2 30. Nd3 a4 31. Nb4 Rb2 32. Ra1 a3 33. d5 Kf7 34. Bg3 Nb5 35. d6 Rb3 36. d7 Ke7 37. Rd1 Nbd6 38. Bxd6+ Kxd7 39. Bf8+ Ke6 40. Bxg7 Rxc3 41. Bxf6 Rb3 42. Nd5 a2 43.
Ba1 Rb1 44. Nc3 Nd2 45. Kf2 Rxd1 46. Nxd1 Nb3 47. Nc3 Nxa1 48. Nxa2 Nc2 49. Nc3 Nb4 50. Ke3 Nc2+ 51. Kd2 Nd4 52. Kd3 Nf5 53. Ne4 Nh4 54. Ng5+ Kf5 55. g3 Ng6 56. Ne4 Ne5+ 57. Ke2 h5 58. h3 Nc6 59. Ke3 Ne5 60. g4+ hxg4 61. Ng3+ Kg5 62. f4+ Kg6 63. fxe5 gxh3 64. Ke4 h2 65.
Kf4 Kf7 66. Kf5 Ke7 67. e6 Ke8 68. Kf6 Kf8 69. Nh1 Ke8 70. e7 Kd7 71. Kf7 1-0

[Event "*** Titled Tuesday Blitz"]
[Site "Chess.com"]
[Date "2020.05.19"]
[Round "1"]
[White "vpsetter"]
[Black "saisree"]
[Result "1-0"]
[WhiteElo "2664"]
[BlackElo "2355"]
[TimeControl "180+1"]
[EndTime "12:08:01 PDT"]
[Termination "vpsetter won by checkmate"]

1. e4 c6 2. d4 d5 3. Nc3 dxe4 4.
Nxe4 Bf5 5. Ng3 Bg6 6. h4 h6 7.
Nf3 Nd7 8. h5 Bh7 9. Bd3 Bxd3 10. Qxd3 e6 11. Bd2 Ngf6 12. O-O-O Be7 13. Kb1 O-O 14. c4 b5 15. c5 Nd5 16. Qe2 Re8 17. Ne4 f5 18. Nc3 Bf6 19. Nxd5 exd5 20. Qd3 Re4 21.
g3 Nf8 22. Be3 Qd7 23. Nd2 Re7 24. Bf4 Ne6 25. Bd6 Rf7 26. Nf3 Ng5 27. Ne5 Bxe5 28. Bxe5 Ne4 29. Qe3 Re8 30. Qf4 Rfe7 31. Rh2 Nxc5 32.
g4 Ne4 33. gxf5 Rf8 34. f3 Ng5 35. f6 gxf6 36. Bd6 Ref7 37. Bxf8 Rxf8 38. Re2 Rf7 39. Rde1 Kg7 40. a3 a5 41. Ka2 b4 42. a4 c5 43.
dxc5 Qxa4+ 44. Kb1 b3 45. Qxa4 Rc7 46. c6 f5 47.
Re7+ Kf6 48. Rxc7 f4 49. Rf7+ Kxf7 50. c7 Kf6 51. Qd7 Nf7 52. Qe7+ Kf5 53. Qxf7+ Kg5 54. Qg6+ Kh4 55. Rh1# 1-0

[Event "*** Titled Tuesday Blitz"]
[Site "Chess.com"]
[Date "2020.05.19"]
[Round "1"]
[White "Meri-Arabidze"]
[Black "Quattroporte300"]
[Result "1-0"]
[WhiteElo "2602"]
[BlackElo "2302"]
[TimeControl "180+1"]
[EndTime "12:08:01 PDT"]
[Termination "Meri-Arabidze won by resignation"]

1. Nf3 Nf6 2. e3 e6 3. b3 d5 4. Bb2 Bd6 5. c4 O-O 6. Qc2 c5 7. Be2 Nc6 8. O-O Re8 9. cxd5 exd5 10. d4 cxd4 11. Nxd4 Bd7 12. Nd2 Rc8 13. Qd1 Ne4 14.
N2f3 Ne5 15. Rc1 Qa5 16. Nxe5 Bxe5 17. Rxc8 Bxc8 18. Qc2 Bd7 19. Rc1 h6 20. a3 Qd8 21.
Nf3 Bd6 22. b4 Bf5 23. Qd1 Bb8 24. Qd4 Nf6 25. Rd1 Be4 26. Qc5 b6 27. Qc3 Qd6 28.
g3 Bf5 29. Nd4 Be4 30. Qc6 Qxc6 31. Nxc6 Bd6 32. Bxf6 gxf6 33. a4 Rc8 34. b5 a6 35.
Bg4 f5 36. Be2 axb5 37. axb5 Rc7 38. f3 Bc5 39. fxe4 Bxe3+ 40. Kg2 dxe4 41. Rd5 Kg7 42. Rxf5 Rd7 43. Bc4 Rd2+ 44. Kh3 f6 45. Rd5 Rc2 46. Rd7+ Kg6 47. Bd5 f5 48. Rd6+ Kg5 49. Nd8 Bg1 50. Nf7+ 1-0

[Event "*** Titled Tuesday Blitz"]
[Site "Chess.com"]
[Date "2020.05.19"]
[Round "1"]
[White "MrChampion_Coach"]
[Black "UCantHandleDenker"]
[Result "0-1"]
[WhiteElo "2287"]
[BlackElo "2579"]
[TimeControl "180+1"]
[EndTime "12:08:01 PDT"]
[Termination "UCantHandleDenker won on time"]

1. e4 c5 2. Nf3 d6 3. d4 cxd4 4. Nxd4 Nf6 5. Nc3 g6 6. Be3 Bg7 7. f3 O-O 8. Qd2 Nc6 9. g4 Bd7 10.
h4 Rc8 11. h5 Ne5 12. O-O-O Qa5 13. Kb1 Rxc3 14. Qxc3 Qxc3 15. bxc3 Nxf3 16. Nxf3 Bxg4 17. h6 Bh8 18. Bg2 Nxe4 19. Bd4 e5 20. Bxa7 Nxc3+ 21. Kc1 Ra8 22. Rxd6 e4 23. Ng5 Be5 24. Rd2 Nxa2+ 25. Kb1 Nc3+ 26. Kc1 Bf4 27. Nxe4 Nxe4 28. Bxe4 Rxa7 29.
Rh2 Kf8 30. Kb2 Be5+ 31. c3 Bxh2 32. Rxh2 b5 33. Rd2 Ke7 34. Bc6 Be6 35. Rd4 Bc4 36. Kc1 f5 37. Kd2 Kf6 38. Rd6+ Ke5 39. Rd8 g5 40.
Rg8 Kf4 41. Rg7 Ra2+ 42. Kc1 Rh2 43. Rxh7 g4 44. Bd7 Bd3 45. Re7 Rxh6 46. Be6 Be4 47. Bd7 g3 48. Rg7 Rh2 49. Bxb5 g2 0-1

[Event "*** Titled Tuesday Blitz"]
[Site "Chess.com"]
[Date "2020.05.19"]
[Round "1"]
[White "AlexTruskavetsky"]
[Black "Chepaschess"]
[Result "0-1"]
[WhiteElo "2422"]
[BlackElo "2816"]
[TimeControl "180+1"]
[EndTime "12:08:02 PDT"]
[Termination "Chepaschess won on time"]

1. d4 Nf6 2. Bg5 c5 3. Bxf6 exf6 4. d5 d6 5. c4 f5 6. Nc3 g6 7. e3 Bg7 8. Bd3 Nd7 9. h4 h5 10. Nf3 Ne5 11. Be2 Ng4 12. Qd2 Bd7 13. Ng5 Qe7 14. a4 Bf6 15. a5 Bxg5 16. hxg5 Qxg5 17. Nb5 Bxb5 18. cxb5 O-O 19. Ra4 Rae8 20. Rf4 Re5 21. O-O Rfe8 22. b4 cxb4 23. Qxb4 Qe7 24. Rc1 Nf6 25. Bf3 Nxd5 26. Bxd5 Rxd5 27. Rfc4 Qe5 28. b6 Rxa5 29. bxa7 Rxa7 30. Rc7 Ra1 31. Rxa1 Qxa1+ 32. Kh2 Qe5+ 33. g3 b5 34. Rb7 Qc5 35. Rxb5 Qxb4 36.
Rxb4 Kg7 37. Rb7 Kf6 38. Rd7 Ke6 39. Ra7 Re7 40. Ra4 Rb7 41. Kg2 Ke5 42. Ra5+ Ke6 43.
Ra4 Rb5 44. Rc4 Rc5 45. Ra4 Kf6 46. Rb4 Re5 47. Ra4 Re4 48. Ra6 Ke6 49. Ra5 h4 50.
gxh4 Rxh4 51. Ra8 Rb4 52. Re8+ Kf6 53. Rd8 Ke7 54. Ra8 f4 55. Ra5 fxe3 56. fxe3 Re4 57. Kf3 Re5 58. Ra7+ Ke6 59. Ra6 f5 60. Ra8 g5 61.
Re8+ Kf7 62. Rd8 Rd5 63. Rd7+ Kf6 64. Rd8 Ke7 65. Rg8 g4+ 0-1

[Event "*** Titled Tuesday Blitz"]
[Site "Chess.com"]
[Date "2020.05.19"]
[Round "1"]
[White "EugeneRougon"]
[Black "14Sokol88"]
[Result "0-1"]
[WhiteElo "2767"]
[BlackElo "2426"]
[TimeControl "180+1"]
[EndTime "12:08:02 PDT"]
[Termination "14Sokol88 won on time"]

1. e4 c5 2. Nf3 e6 3. g3 d5 4.
exd5 Qxd5 5. Bg2 Qe4+ 6. Kf1 Nc6 7. Nc3 Qb4 8. d3 Nf6 9. Bd2 Qb6 10. h3 Be7 11. Kg1 O-O 12. a3 Bd7 13. Kh2 Rfd8 14. Be3 Qc7 15. Re1 Be8 16. Bf4 Qd7 17. Ne5 Nxe5 18.
Bxe5 Rac8 19. Qe2 b6 20. a4 Bd6 21. Bxf6 gxf6 22. Qg4+ Kh8 23. Qh4 f5 24. Qf6+ Kg8 25. Qg5+ Kh8 26. Ne4 fxe4 27. Qf6+ Kg8 28. Rxe4 h5 29.
Qg5+ Kf8 30. Qxh5 f5 31. Qh8+ Ke7 32. Rh4 Bf7 33. Qh6 Rg8 34. Re1 Kd8 35. a5 b5 36.
a6 Kc7 37. Qd2 Kb8 38. Rh7 Rh8 39. Rxh8 Rxh8 40. b4 cxb4 41. Qe3 Qc7 42. Qd4 Rg8 43. Rg1 Bxg3+ 44. fxg3 Qxg3+ 45. Kh1 Be8 46. Qc5 Bd7 47. Qxb4 Bc6 0-1

[Event "*** Titled Tuesday Blitz"]
[Site "Chess.com"]
[Date "2020.05.19"]
[Round "1"]
[White "woodhy"]
[Black "David_Paravyan"]
[Result "0-1"]
[WhiteElo "2444"]
[BlackElo "2880"]
[TimeControl "180+1"]
[EndTime "12:08:03 PDT"]
[Termination "David_Paravyan won by checkmate"]

1. e4 c5 2. Nf3 Nc6 3. d4 cxd4 4.
Nxd4 Nf6 5. Nc3 e5 6. Ndb5 d6 7. Bg5 a6 8. Bxf6 gxf6 9. Na3 f5 10. Nc4 b5 11. Ne3 b4 12. Ncd5 fxe4 13. Bc4 Bg7 14. a3 bxa3 15. Rxa3 O-O 16. Qh5 Kh8 17. Nf5 Bxf5 18.
Qxf5 Nd4 19. Qxe4 f5 20. Qd3 e4 21. Qd1 Rc8 22. Bb3 f4 23. c3 Nxb3 24. Rxb3 Qg5 25.
g3 fxg3 26. hxg3 Rc5 27. Ne3 Rb5 28. Rxb5 Qxb5 29. Qh5 Qxh5 30. Rxh5 Rb8 31. Nd1 Rb5 32.
Rh4 d5 33. Ke2 Bf6 34. Rh5 Kg7 35. Kd2 Kg6 36. g4 d4 37. Rh3 Bg5+ 38. Kc2 d3+ 39. Kb1 Rb8 40. Ne3 Rd8 41. Kc1 Rf8 42. Rh2 Rxf2 43.
Rxf2 Bxe3+ 44. Rd2 Kf6 45. Kd1 Bxd2 46. Kxd2 Ke5 47.
Ke3 Kd5 48. b3 a5 49. Kd2 Kc5 50. Ke3 Kb5 51. g5 a4 52. c4+ Kb4 53. bxa4 Kxc4 54. a5 Kb5 55. Kxe4 d2 56. Kf5 d1=Q 57. Kf6 Qc2 58.
Kg7 Qg6+ 59. Kh8 Qxg5 60. Kxh7 Ka6 61. Kh8 Kxa5 62. Kh7 Kb6 63. Kh8 Kc5 64. Kh7 Kd6 65. Kh8 Ke7 66. Kh7 Kf7 67. Kh8 Qh5# 0-1

[Event "*** Titled Tuesday Blitz"]
[Site "Chess.com"]
[Date "2020.05.19"]
[Round "1"]
[White "Shubinkirill2003"]
[Black "PowerThinking2650"]
[Result "1-0"]
[WhiteElo "2578"]
[BlackElo "2286"]
[TimeControl "180+1"]
[EndTime "12:08:03 PDT"]
[Termination "Shubinkirill2003 won on time"]

1. e4 e5 2. Nf3 Nc6 3. Bb5 a6 4.
Ba4 Nf6 5. O-O Be7 6. Re1 b5 7. Bb3 d6 8. c3 O-O 9. h3 Bb7 10. d4 Re8 11. Nbd2 Bf8 12. a3 h6 13. Bc2 Nb8 14. b4 Nbd7 15. Bb2 c6 16. Nb3 Qc7 17. Na5 Rad8 18. Nxb7 Qxb7 19. a4 g6 20. axb5 axb5 21.
dxe5 Nxe5 22. Nxe5 dxe5 23. Qe2 Nh5 24. g3 Qd7 25. Kg2 Qd2 26. Bb3 Qg5 27. Qf3 Re7 28. Bc1 Qf6 29. Ra6 Qxf3+ 30. Kxf3 Rd3+ 31. Re3 Rd6 32. Ke2 Red7 33. Rf3 Kg7 34. Ra8 f5 35.
Re3 f4 36. Rf3 g5 37. Bc2 Be7 38. Ra6 Nf6 39. Rd3 Nxe4 40. Rxd6 Nxd6 41. Rxc6 Bf6 42.
gxf4 exf4 43. Rc5 Nc4 44. Rxb5 Bxc3 45. Rc5 Re7+ 46. Kd3 Be1 47. Rxc4 Bxf2 48. Bd1 Kg6 49. Bf3 h5 50. Rc6+ Kf5 51. Bxh5 1-0

[Event "*** Titled Tuesday Blitz"]
[Site "Chess.com"]
[Date "2020.05.19"]
[Round "1"]
[White "Aureliano-Buendia"]
[Black "Jagerrmeisterr"]
[Result "0-1"]
[WhiteElo "2355"]
[BlackElo "2664"]
[TimeControl "180+1"]
[EndTime "12:08:04 PDT"]
[Termination "Jagerrmeisterr won by resignation"]

1. d4 d5 2. Nf3 c6 3. c4 e6 4. Nbd2 f5 5. g3 Nf6 6. Bg2 Bd6 7. b3 Nbd7 8. Bb2 Qe7 9. Ne5 O-O 10. O-O Ne4 11.
Ndf3 Ndf6 12. Nd3 b6 13. Nfe5 Bb7 14. f3 Ng5 15. Qd2 Nf7 16. Rae1 c5 17. e3 Rfd8 18.
Qf2 Nh6 19. h3 a6 20. g4 g5 21. Qg3 Kh8 22. dxc5 bxc5 23. gxf5 Nxf5 24. Qxg5 d4 25. Ng4 Rf8 26. exd4 cxd4 27. Nde5 Rad8 28. Rf2 Qc7 29. Rfe2 Be7 30. Qf4 Nh5 31. Qd2 Nhg3 32. Rf2 Bh4 33. Nd3 Qg7 34. Rxe6 h5 35. Nge5 Bf6 36.
Nf4 Bc8 37. Neg6+ Kg8 38. Nxf8 Qxf8 39. Re4 Qh6 40. Nd5 Qxd2 41. Rxd2 Bg7 42. f4 Nxe4 43. Bxe4 Ng3 44. Bd3 Bxh3 45. Kh2 Nf1+ 46. Kxh3 Nxd2 47. f5 Kf7 48. f6 Bxf6 49. c5 Rxd5 50. Bc4 Nxc4 51.
bxc4 Rxc5 0-1

[Event "*** Titled Tuesday Blitz"]
[Site "Chess.com"]
[Date "2020.05.19"]
[Round "1"]
[White "wonderfultime"]
[Black "Karacsonyi_Gellert"]
[Result "1-0"]
[WhiteElo "3006"]
[BlackElo "2459"]
[TimeControl "180+1"]
[EndTime "12:08:06 PDT"]
[Termination "wonderfultime won on time"]

1. d4 Nf6 2. Nf3 d5 3. Bf4 c5 4.
c3 Nc6 5. e3 Qb6 6. Qc2 e6 7.
Nbd2 Be7 8. Bd3 O-O 9. O-O h6 10.
h3 Bd7 11. Rac1 Rac8 12. Qb1 Qd8 13. Rfd1 c4 14. Bc2 b5 15. a3 Be8 16. e4 dxe4 17.
Nxe4 Nxe4 18. Bxe4 Bd6 19. Bxd6 Qxd6 20. d5 Ne7 21. dxe6 Qxe6 22. Re1 Qf6 23. Rcd1 Bc6 24. Nd4 a6 25. Re3 Bxe4 26. Qxe4 Ng6 27. Rde1 Rcd8 28.
g3 Qd6 29. h4 Qd5 30. Qg4 h5 31. Qe2 Rd6 32. Re8 Rd8 33. Re4 Rd6 34. Qf3 Rdd8 35. Nf5 Qd7 36. Qxh5 Rfe8 37. Qg5 Rxe4 38. Rxe4 Re8 39.
Rxe8+ Qxe8 40. h5 Qe1+ 41. Kg2 Qe4+ 42. Kh2 Qf3 43. Qd8+ Nf8 44. Ne7+ Kh7 45. Qxf8 Qxf2+ 46. Kh3 Qf1+ 47. Kg4 Qe2+ 48. Kf4 Qf2+ 49. Ke5 Qc5+ 50.
Ke4 Qxh5 51. Qg8+ Kh6 52. Qh8+ Kg5 53. Qxg7+ 1-0

[Event "*** Titled Tuesday Blitz"]
[Site "Chess.com"]
[Date "2020.05.19"]
[Round "1"]
[White "profofchess"]
[Black "Alexander_Zubov"]
[Result "0-1"]
[WhiteElo "2456"]
[BlackElo "2943"]
[TimeControl "180+1"]
[EndTime "12:08:06 PDT"]
[Termination "Alexander_Zubov won by resignation"]

1. e4 c5 2. Nf3 d6 3. c3 Nf6 4. Bc4 e6 5. Qe2 Be7 6. Bb3 O-O 7. O-O b6 8. Rd1 Bb7 9. d3 Nbd7 10. Nbd2 e5 11.
d4 h6 12. d5 g6 13. Nc4 Kg7 14.
a4 a6 15. Bc2 Rb8 16. Ne3 b5 17. b4 c4 18. Nh4 Kh7 19. g3 Bc8 20. Qd2 Ng8 21.
Nhg2 Ndf6 22. Rf1 Bh3 23. f4 exf4 24. gxf4 Nh5 25. e5 Qd7 26. Qe2 Ng7 27. Qf3 Bf5 28. Nxf5 Nxf5 29. Be3 Bd8 30. Rad1 Nge7 31. axb5 axb5 32.
Kh1 Bb6 33. Bxb6 Rxb6 34. exd6 Rxd6 35. Be4 Rd8 36. Ne3 Nxe3 37. Qxe3 Nxd5 38. Qg3 Nf6 39.
Rxd6 Qxd6 40. Bc2 Kg7 41. f5 Qxg3 42. hxg3 Rd2 43. Bb1 g5 44. Kg1 Ng4 45. Re1 Kf6 46. Re8 Ne5 47. Kf1 Rd1+ 48. Ke2 Rxb1 49. Ke3 Rd1 50.
Rh8 Kxf5 51. Rxh6 Ng4+ 52. Ke2 Nxh6 53. Kxd1 Ke4 54. Kc2 Nf5 55. Kb2 Nxg3 56. Ka3 Ne2 0-1

[Event "*** Titled Tuesday Blitz"]
[Site "Chess.com"]
[Date "2020.05.19"]
[Round "1"]
[White "1977Ivan"]
[Black "BabyBoss31"]
[Result "1-0"]
[WhiteElo "2615"]
[BlackElo "2319"]
[TimeControl "180+1"]
[EndTime "12:08:06 PDT"]
[Termination "1977Ivan won by resignation"]

1. d4 d5 2. c4 dxc4 3. e4 Nc6 4.
Nf3 Bg4 5. d5 Ne5 6. Nbd2 e6 7. Nxc4 Bb4+ 8. Bd2 Bxd2+ 9. Qxd2 Nxc4 10. Bxc4 exd5 11. Bxd5 Bxf3 12. gxf3 c6 13. Bb3 Qxd2+ 14.
Kxd2 Ne7 15. Ke3 O-O 16. Rad1 Rfd8 17. f4 Kf8 18. h4 Ng8 19. f5 Nf6 20. Rhg1 Re8 21.
f3 Rad8 22. Kf4 g6 23. Rxd8 Rxd8 24. Rd1 Rxd1 25. Bxd1 Ke7 26. Bb3 Ng8 27. e5 b6 28.
f6+ Ke8 29. Kg5 c5 30. f4 h6+ 31. Kg4 Kf8 32. Bd5 Ke8 33. h5 Kf8 34. hxg6 fxg6 35. f5 g5 36. Kh5 b5 37. Kg6 g4 38. e6 g3 39. e7+ Nxe7+ 40. fxe7+ Kxe7 41. f6+ Kf8 42. Kxh6 c4 43. Kg5 b4 44. Kf4 c3 45. bxc3 bxc3 46.
Ke3 c2 47. Kd2 g2 48. Bxg2 Kf7 49. Kxc2 Kxf6 50. Kb3 Ke7 51. Kb4 Kd8 52. Kb5 Kc7 53.
Ka6 Kb8 54. Bb7 Kc7 55. Kxa7 Kd8 56. a4 Kc7 57. a5 Kd8 58. a6 Kd7 59. Bf3 Kc7 60. Be4 Kd8 61. Kb6 Kc8 62. a7 1-0

[Event "*** Titled Tuesday Blitz"]
[Site "Chess.com"]
[Date "2020.05.19"]
[Round "1"]
[White "MergenKakabaev"]
[Black "ChristopherYoo"]
[Result "0-1"]
[WhiteElo "2445"]
[BlackElo "2881"]
[TimeControl "180+1"]
[EndTime "12:08:08 PDT"]
[Termination "ChristopherYoo won by resignation"]

1. e4 c5 2. Nf3 e6 3. d4 cxd4 4. Nxd4 Nf6 5. Bd3 Nc6 6. Nxc6 dxc6 7. Qe2 e5 8. O-O Be7 9. Nd2 O-O 10. h3 Qc7 11. a4 a5 12. Nc4 Be6 13. b3 Nd7 14. Bb2 Rfd8 15. Rfd1 Bc5 16. Qh5 f6 17. Qf3 Nf8 18.
Ne3 Kh8 19. Bc4 Bxe3 20. Qxe3 Bxc4 21. bxc4 Ne6 22. g3 Ng5 23. h4 Ne6 24. Bc3 Rxd1+ 25. Rxd1 c5 26. Rd5 Qc6 27. h5 h6 28. Qf3 Qxa4 29.
Qg4 Ng5 30. f4 exf4 31. gxf4 Nxe4 32. Rd7 Rg8 33. Be1 Qxc2 34. Rxb7 a4 35. Ra7 a3 36.
Rxa3 Qc1 37. Qe2 Qxa3 38. Qxe4 Qh3 39. Kf2 Qxh5 40. Bc3 Re8 41. Qd5 Qxd5 42. cxd5 Rd8 43. Ke3 Rxd5 44. Ke4 Rd1 45. Kf5 h5 46. Kg6 h4 0-1

[Event "*** Titled Tuesday Blitz"]
[Site "Chess.com"]
[Date "2020.05.19"]
[Round "1"]
[White "Bubi6"]
[Black "atwalcb"]
[Result "1/2-1/2"]
[WhiteElo "2615"]
[BlackElo "2334"]
[TimeControl "180+1"]
[EndTime "12:08:08 PDT"]
[Termination "Game drawn by repetition"]

1. e4 d6 2. d4 Nf6 3. Nc3 Nbd7 4. f4 e5 5. Nf3 exd4 6. Nxd4 g6 7. Be2 Bg7 8. O-O O-O 9. Kh1 Re8 10. Bf3 Nc5 11. Re1 h5 12. h3 a6 13. a4 c6 14. a5 Qc7 15. b3 Ne6 16. Nxe6 Bxe6 17. Bb2 Rad8 18. Qd2 d5 19. e5 Nd7 20. Qf2 Bf8 21.
Ne2 Bb4 22. Bc3 Bxc3 23. Nxc3 Bf5 24. g4 hxg4 25. hxg4 Be6 26. Kg2 Kg7 27. Ne2 Rh8 28. Ng3 Nf8 29. Rh1 Rxh1 30. Rxh1 f6 31. f5 Bf7 32. e6 Bxe6 33. fxe6 Nxe6 34. Ne2 g5 35.
b4 Nf4+ 36. Nxf4 Qxf4 37. c3 Re8 38. Qd4 Qxd4 39. cxd4 Re3 40. Rb1 Rd3 41. Kf2 Rxd4 42.
Ke3 Rc4 43. Be2 Re4+ 44. Kd3 Rf4 45. Ke3 Re4+ 46. Kf3 Rf4+ 47. Kg3 Re4 48. Bf3 Rd4 49. Rb2 Rd3 50. Re2 Kf7 51. Rh2 Kg7 52. Rb2 Rd4 53. Kf2 Rf4 54. Ke3 Rc4 55. Be2 Re4+ 56.
Kf3 Rf4+ 57. Kg3 Re4 58. Kf2 Rf4+ 59. Ke1 Rd4 60. Rb3 Kf7 61. Kf2 Re4 62. Kf3 Kg7 63. Bd3 Rf4+ 64. Kg3 Rd4 65. Bf1 Rf4 66. Bg2 Kf7 67.
Bf3 Rd4 68. Rb1 Kg7 69. Kf2 Kf7 70. Be2 Kg7 71. Ke3 Re4+ 1/2-1/2

[Event "*** Titled Tuesday Blitz"]
[Site "Chess.com"]
[Date "2020.05.19"]
[Round "1"]
[White "ChadBiryani"]
[Black "Rodalquilar"]
[Result "0-1"]
[WhiteElo "2320"]
[BlackElo "2617"]
[TimeControl "180+1"]
[EndTime "12:08:08 PDT"]
[Termination "Rodalquilar won by checkmate"]

1. d4 Nf6 2. Bf4 d5 3. e3 e6 4.
Bd3 Bd6 5. Nf3 O-O 6. Bg3 c5 7. c3 Qc7 8. Nbd2 Nbd7 9. O-O e5 10. Nxe5 Nxe5 11. dxe5 Bxe5 12. Nf3 Bxg3 13. hxg3 Bd7 14. Qc2 Rfe8 15. Rad1 Rad8 16. Bf5 Bb5 17. Rfe1 g6 18. Bd3 Bc6 19. Bf1 Kg7 20. Nd2 Qe5 21. Be2 b6 22. Bf3 Bd7 23. Nb3 Bf5 24. Qc1 a5 25. Nd2 a4 26.
Nb1 b5 27. Na3 b4 28. cxb4 cxb4 29. Nb1 Rc8 30. Qd2 Rc2 31. Qxb4 Rb8 32. Qxa4 Rbxb2 33. Rf1 Rxa2 34. Qd4 Qxd4 35. Rxd4 Be4 36. Rdd1 g5 37. Rc1 g4 38. Bxe4 Nxe4 39. Rxc2 Rxc2 40. Na3 Rb2 41. Nb1 Kf6 42. Na3 Ke5 43. Nb1 f5 44. Na3 h5 45.
Nb1 Kd6 46. Na3 Nc3 47. Ra1 Kc5 48. Kf1 Kb4 49. Ke1 Ne4 50. f3 Nxg3 51. Nb1 Re2+ 52. Kd1 Rxg2 53. Ra7 gxf3 54. Rb7+ Kc5 55. Nc3 f2 56.
Rh7 f1=Q# 0-1

[Event "*** Titled Tuesday Blitz"]
[Site "Chess.com"]
[Date "2020.05.19"]
[Round "1"]
[White "Dynamikus"]
[Black "TheoSlade"]
[Result "1-0"]
[WhiteElo "2740"]
[BlackElo "2395"]
[TimeControl "180+1"]
[EndTime "12:08:11 PDT"]
[Termination "Dynamikus won by resignation"]

1. e4 e5 2. f4 exf4 3. Bc4 Qh4+ 4. Kf1 d6 5. Nf3 Qe7 6. Nc3 Be6 7. Bb3 g5 8. d4 Bg7 9. h4 h6 10. Qd3 Nd7 11. Bd2 O-O-O 12. Re1 Ngf6 13. Kg1 Nh5 14. Nd5 Bxd5 15. Bxd5 g4 16. Nh2 Ng3 17. Bxf4 Nxh1 18. Kxh1 Qxh4 19. g3 Qe7 20. c3 h5 21. a4 Bh6 22. Rf1 h4 23. Nxg4 Bxf4 24. gxf4 Nf6 25.
Nxf6 Qxf6 26. a5 c6 27. Bc4 Rdg8 28. Qh3+ Kb8 29. a6 Qg6 30. axb7 Qg3 31. Qxg3 hxg3+ 32. Kg2 Rh2+ 33. Kf3 g2 34. Rg1 Rh3+ 35. Kf2 Rh4 36. Kf3 Rgg4 37. Rxg2 Rxg2 38. Kxg2 Rxf4 39. Bd3 Kxb7 40.
Kg3 Rf6 41. Bc4 Kc7 42. b4 Kd7 43. Bd3 d5 44. e5 Rh6 45. Kf2 Ke6 46. Ke2 Rh2+ 47.
Kd1 f6 48. exf6 Kxf6 49. Ba6 Kg5 50. Bb7 Rh6 51. Kc2 Kf4 52. Kd3 Kf3 53. Ba8 Kf4 54. Bb7 Kf5 55. b5 cxb5 56. Bxd5 Rh3+ 57. Kc2 a5 58. Bc6 b4 59. Bd7+ Ke4 60. Bxh3 bxc3 61. Kxc3 a4 62. Be6 a3 63. Ba2 Kf5 64. d5 Ke5 65.
Kb4 Kd6 66. Kxa3 1-0

[Event "*** Titled Tuesday Blitz"]
[Site "Chess.com"]
[Date "2020.05.19"]
[Round "1"]
[White "Berant"]
[Black "Witik"]
[Result "0-1"]
[WhiteElo "2333"]
[BlackElo "2636"]
[TimeControl "180+1"]
[EndTime "12:08:11 PDT"]
[Termination "Witik won by checkmate"]

1. e4 c6 2. d4 d5 3. Nd2 dxe4 4. Nxe4 Nf6 5. Ng3 c5 6. Nf3 Nc6 7. c3 cxd4 8. cxd4 g6 9. Bc4 Bg7 10. d5 Na5 11. Bb5+ Bd7 12. Qa4 O-O 13. O-O Bxb5 14.
Qxb5 Qxd5 15. Qe2 Nc6 16. Rd1 Qa5 17. Bd2 Qb6 18. Be3 Qc7 19. Rac1 Rfd8 20. Nd4 Nd5 21.
Nb5 Qb8 22. Bg5 h6 23. Bd2 a6 24. Nc3 Nd4 25. Qe4 Qe5 26. Qh4 g5 27. Qh5 Nf6 28. Qh3 Qe6 29. Qxe6 Nxe6 30. Nf5 Bf8 31.
h4 gxh4 32. Nxh6+ Bxh6 33. Bxh6 Ng4 34. Bg5 Nxg5 35. Na4 Rxd1+ 36. Rxd1 Nf6 37. Nb6 Re8 38. f4 Nge4 39. a4 Ng3 40. a5 Ne2+ 41. Kf2 Nxf4 42. Rd4 Ng6 43. Rb4 Rd8 44. Nc4 Rd4 45. b3 Ne5 46. Rxb7 Nxc4 47. bxc4 Rxc4 48. Rb6 Ra4 49. Rxa6 Ra3 50. Ra8+ Kg7 51. a6 Ne4+ 52. Ke2 Nc5 53. a7 Ne6 54. Kf2 Kf6 55. Rh8 Rxa7 56. Rxh4 Ra2+ 57.
Kg3 Kg6 58. Rg4+ Ng5 59. Kh4 f6 60. Rb4 e5 61. g3 Rh2+ 62. Kg4 f5# 0-1

[Event "*** Titled Tuesday Blitz"]
[Site "Chess.com"]
[Date "2020.05.19"]
[Round "1"]
[White "northridgehawk"]
[Black "2L8IWUN"]
[Result "1-0"]
[WhiteElo "2245"]
[BlackElo "2529"]
[TimeControl "180+1"]
[EndTime "12:08:11 PDT"]
[Termination "northridgehawk won by resignation"]

1. e4 e5 2. Nf3 Nc6 3. Bb5 a6 4.
Ba4 Nf6 5. d3 b5 6. Bb3 Bc5 7. Nc3 d6 8. a3 h6 9. Nd5 Be6 10. O-O O-O 11. c3 Ba7 12. Be3 Bxe3 13. Nxe3 d5 14. Bc2 Qd7 15. Qe2 Rfe8 16. Rfd1 Rad8 17.
Nh4 Ne7 18. Qf3 dxe4 19. dxe4 Qc6 20. Nhf5 Nxf5 21. Nxf5 Bxf5 22. Qxf5 g6 23. Qh3 Kg7 24. Qe3 h5 25. f3 Qc4 26. Rxd8 Rxd8 27. Rd1 Rxd1+ 28.
Bxd1 Qc6 29. Bc2 Qd6 30. Kf2 Nd7 31. h4 Kf6 32. Qd3 Qxd3 33. Bxd3 Nc5 34. Bc2 Ke7 35. Ke3 Kd6 36. g3 Ne6 37. f4 c5 38. Bb3 c4 39.
Bc2 Nc5 40. f5 gxf5 41. exf5 f6 42. Bd1 Nd3 43. Bxh5 Nxb2 44. Be2 Na4 45. Kd2 Ke7 46. g4 Nb6 47. g5 Nd5 48. g6 Nf4 49. h5 Kf8 50. h6 Kg8 51. h7+ Kg7 52. Ke3 Nd5+ 53. Kd2 e4 54. Bg4 Ne7 55. Ke3 Nd5+ 56. Kxe4 Nxc3+ 57. Kd4 Nb1 58. Kd5 c3 59. Bd1 Nxa3 60.
Ke6 c2 61. h8=Q+ Kxh8 62. Bxc2 Nc4 63. Kf7 Ne5+ 64. Kf8 Nd7+ 65. Kf7 Ne5+ 66. Kxf6 Nd7+ 67.
Ke7 Nc5 68. f6 Kg8 69. f7+ 1-0

[Event "*** Titled Tuesday Blitz"]
[Site "Chess.com"]
[Date "2020.05.19"]
[Round "1"]
[White "ENEASZ"]
[Black "pawnwonder"]
[Result "1-0"]
[WhiteElo "2533"]
[BlackElo "2209"]
[TimeControl "180+1"]
[EndTime "12:08:11 PDT"]
[Termination "ENEASZ won by resignation"]

1. e4 c5 2. c3 Nf6 3. e5 Nd5 4. d4 cxd4 5. cxd4 d6 6. Bc4 Nb6 7. Bb5+ Bd7 8. e6 fxe6 9. Bd3 g6 10. h4 Nc6 11. h5 Nb4 12. hxg6 Nxd3+ 13. Qxd3 Bg7 14. gxh7 Qc7 15. Qg6+ Kf8 16. Nc3 Qc4 17. Bh6 Qxd4 18. Nf3 Qf6 19. Bxg7+ Qxg7 20. Qe4 Rc8 21.
Rh4 Rc4 22. Rf4+ Ke8 23. Qe3 Rxf4 24. Qxf4 Rxh7 25. O-O-O Qh6 26. Ng5 Rg7 27. Nh3 Qxf4+ 28. Nxf4 Rf7 29. g3 e5 30. Nd3 Bf5 31. Nb4 Bg4 32.
Rd2 Nc4 33. Rc2 Bf5 34. Re2 Bg4 35. Re4 Rxf2 36. Rxg4 Nxb2 37. Rg7 Kd7 38. Ncd5 a5 39.
Rxe7+ Kc8 40. Rc7+ Kd8 41. Rc2 Nd3+ 42. Nxd3 Rf1+ 43.
Kb2 Rg1 44. Nf2 Rxg3 45. a4 Rg4 46. Nc3 Rb4+ 47. Ka3 Kd7 48. Rd2 Ke6 49. Nfe4 Rd4 50. Rf2 d5 51. Nc5+ Kd6 52. Nxb7+ Kc6 53. Nxa5+ Kb6 54.
Nb3 Re4 55. Rf6+ Kc7 56. Nxd5+ Kd8 57. Nc5 1-0